 Dungeon Crawl Stone Soup version 0.18-a0-5-gf1fb587 (webtiles) character file.

11019 wvc the Severer (level 11, -13/94 HPs)
             Began as a Minotaur Monk on Oct 31, 2015.
             Was a High Priest of Cheibriados.
             Mangled by Maud
             ... wielding a +1 broad axe of electrocution
              (29 damage)
             ... on level 11 of the Dungeon.
             The game lasted 00:21:11 (11603 turns).

wvc the Severer (Minotaur Monk)                    Turns: 11603, Time: 00:21:12

Health: -13/94     AC: 12    Str: 30    XL:     11   Next: 43%
Magic:  20/20      EV: 20    Int: 23    God:    Cheibriados [*****.]
Gold:   523        SH:  0    Dex: 25    Spells: 1 memorised, 1 level left

rFire  . . .     SeeInvis .     q - +0 war axe
rCold  . . .     Clarity  .     v - +0 ring mail
rNeg   . . .     SustAt   .     (no shield)
rPois  .         Gourm    .     (helmet restricted)
rElec  .         Spirit   .     j - +0 cloak
rCorr  .         Warding  .     u - +1 pair of gloves
rMut   .         Stasis   .     r - +1 pair of boots
MR     .....                    (no amulet)
Stlth  ++........               (no ring)
                                m - ring of magical power

@: very slow, not resistant to hostile enchantments, unstealthy
A: retaliatory headbutt, horns 2
a: Bend Time, Temporal Distortion, Slouch, Step From Time, Renounce Religion


You were on level 11 of the Dungeon.
You worshipped Cheibriados.
Cheibriados was extremely pleased with you.
You were not hungry.

You visited 2 branches of the dungeon, and saw 12 of its levels.
You also visited: Ossuary.

You collected 572 gold pieces.
You spent 49 gold pieces at shops.

Inventory:

Hand Weapons
 g - a +0 blowgun
 q - a +0 war axe (weapon)
 x - the +2 hand axe "Oweawero" {pain, -Tele rC+++ Str+3 Dex+4}
   (You found it on level 9 of the Dungeon)

   In the hands of one skilled in necromantic magic, it inflicts extra damage on
   living creatures.
   It affects your strength (+3).
   It affects your dexterity (+4).
   It renders you almost immune to cold.
   It prevents most forms of teleportation.
Missiles
 h - 37 poisoned needles
 w - 3 throwing nets (quivered)
Armour
 b - a +0 pair of gloves
 c - a +0 robe of the Archmagi
 j - a +0 cloak (worn)
 r - a +1 pair of boots (worn)
 u - a +1 pair of gloves (worn)
 v - a +0 ring mail (worn)
Magical Staves
 F - an uncursed staff of wizardry
Jewellery
 d - an uncursed ring of flight
 m - a ring of magical power (left hand)
 A - an uncursed amulet of stasis
Wands
 n - a wand of digging (7)
 t - a wand of paralysis (17)
 y - a wand of frost (22)
Scrolls
 a - 3 scrolls of fear
 e - 7 scrolls of remove curse
 l - 3 scrolls of enchant armour
 B - a scroll of amnesia
 G - 2 scrolls of teleportation
 I - a scroll of enchant weapon {unknown}
Potions
 k - 5 potions of curing
 o - 6 potions of cancellation
 s - a potion of flight
 C - a potion of might
 H - a potion of agility
Books
 f - a book of the Sky

   Spells                             Type                      Level
   a - Summon Lightning Spire         Summoning/Air                4
   b - Airstrike                      Air                          4
   c - Silence                        Hexes/Air                    5
   d - Deflect Missiles               Charms/Air                   6
   e - Conjure Ball Lightning         Conjuration/Air              6
   f - Tornado                        Air                          9
 i - a book of Beasts

   Spells                             Type                      Level
   a - Summon Butterflies             Summoning                    1
   b - Call Canine Familiar           Summoning                    3
   c - Summon Ice Beast               Ice/Summoning                4
   d - Summon Mana Viper              Hexes/Summoning              5
   e - Summon Hydra                   Summoning                    7
 z - a book of Geomancy

   Spells                             Type                      Level
   a - Sandblast                      Earth                        1
   b - Stoneskin                      Transmutation/Earth          2
   c - Passwall                       Transmutation/Earth          3
   d - Stone Arrow                    Conjuration/Earth            3
   e - Petrify                        Transmutation/Earth          4
   f - Lee's Rapid Deconstruction     Earth                        5
 E - a book of Power

   Spells                             Type                      Level
   a - Fulminant Prism                Conjuration/Hexes            4
   b - Iskenderun's Mystic Blast      Conjuration                  4
   c - Venom Bolt                     Conjuration/Poison           5
   d - Bolt of Magma                  Conjuration/Fire/Earth       5
   e - Iron Shot                      Conjuration/Earth            6
   f - Orb of Destruction             Conjuration                  7
   g - Spellforged Servitor           Conjuration/Summoning        7
Comestibles
 p - 2 meat rations
 D - 4 bread rations


   Skills:
 + Level 8.3 Fighting
 + Level 15.7 Axes
 + Level 7.8 Armour
 + Level 8.5 Dodging
 - Level 1.5 Stealth
 - Level 4.3 Unarmed Combat
 + Level 1.3 Evocations


You had one spell level left.
You knew the following spells:

 Your Spells              Type           Power        Failure   Level  Hunger
a - Tornado               Air            #.........   100%        9    #######


Dungeon Overview and Level Annotations

Branches:
Dungeon (11/15)            Temple (1/1) D:7            Lair (0/8) D:10
    Orc: D:9-12

Altars:
Ashenzari
Cheibriados
Dithmenos
Elyvilon
Fedhas
Gozag
Kikubaaqudgha
Makhleb
Nemelex Xobeh
Okawaru
Qazlal
Ru
Sif Muna
Trog
Vehumet
Xom
Yredelemnul
Zin
The Shining One

Shops:
D:4 (   D:10 (

Portals:
Trove: D:10 (give +5 demon blade)

Annotations:
D:2 Sigmund
D:11 Maud


Innate Abilities, Weirdness & Mutations

You reflexively headbutt those who attack you in melee.
You have a pair of horns on your head.


Message History

You hit Maud.
Maud is severely wounded.
You hit Maud but do no damage. Your headbutt misses Maud.
Maud is severely wounded.
Maud hits you with a broad axe of electrocution!
You barely miss Maud. You headbutt Maud.
Maud is almost dead.
You hit Maud but do no damage. You headbutt Maud!
Maud is almost dead.
Maud hits you with a broad axe of electrocution!
* * * LOW HITPOINT WARNING * * *
You are electrocuted!
* * * LOW HITPOINT WARNING * * *
You are too injured to fight recklessly!
You are too injured to fight recklessly!
You are too injured to fight recklessly!
Drink which item? (? for menu, Esc to quit)
You feel better.
Maud hits you with a broad axe of electrocution!!
You die...

#...........#
#...........#
#...........#
#...........#
#..<........#
#...........#
#...........#
#...........#
#.......@..$#
#.......@...#
#...........#
#...........#
...........#
...........#
...........#
...........#


You could see Maud.

Vanquished Creatures
  The ghost of Duffy the Covert, a novice NaEn (D:6)
  The ghost of comborobin the Cruncher, a novice TeGl of Cheibriados (D:8)
  A hill giant (D:10)
  The ghost of Ashar the Basher, a novice DsWr of Okawaru (D:8)
  A gargoyle (D:10)
  A merfolk (D:10)
  A polar bear (D:10)
  The ghost of bart the Cleaver, an amateur HOCK of Xom (D:5)
  A two-headed ogre (D:10)
  A centaur simulacrum (D:10)
  15 yaks (D:10)
  2 wolves (D:10)
  A hungry ghost (D:7)
  A hippogriff (D:10)
  A soldier ant (D:11)
  7 ice beasts
  A necrophage (D:5)
  2 wasps (D:10)
  A centaur (D:6)
  A big kobold (D:7)
  5 ogres
  2 orc warriors
  A crocodile (D:10)
  3 elf zombies (Ossuary)
  A water moccasin skeleton (D:9)
  5 giant frogs
  3 scorpions
  12 killer bees
  3 jellies
  6 crimson imps
  An electric eel (D:10)
  2 centaur zombies
  An orc priest (D:6)
  4 orc wizards
  2 giant frog skeletons
  12 worker ants
  4 iguanas
  5 hounds
  2 big kobold zombies (Ossuary)
  A hound zombie (Ossuary)
  3 mummies (Ossuary)
  8 gnolls
  4 shadow imps
  8 adders
  An ooze (D:3)
  5 adder zombies (Ossuary)
  4 worms
  8 giant geckos
  22 orcs
  A ball python (D:3)
  6 bats
  3 gnoll zombies (Ossuary)
  11 hobgoblins
  21 jackals
  18 kobolds
  7 quokkas
  3 giant cockroaches
  A giant gecko skeleton (D:7)
  3 giant newts
  11 goblins
  4 goblin zombies
  4 hobgoblin zombies (Ossuary)
  2 jackal zombies (Ossuary)
  5 kobold zombies (Ossuary)
  An orc zombie (Ossuary)
  A quokka zombie (Ossuary)
  8 rats
  5 rat zombies
  A plant (D:10)
296 creatures vanquished.

Vanquished Creatures (others)
  A plant (D:10)
1 creature vanquished.

Grand Total: 297 creatures vanquished

Notes
Turn   | Place    | Note
--------------------------------------------------------------
     0 | D:1      | wvc the Minotaur Monk began the quest for the Orb.
     0 | D:1      | Reached XP level 1. HP: 19/19 MP: 0/0
    52 | D:1      | Reached skill level 1 in Armour
   130 | D:1      | Reached XP level 2. HP: 23/26 MP: 1/1
   138 | D:1      | Reached skill level 1 in Axes
   357 | D:1      | Reached XP level 3. HP: 28/31 MP: 2/2
   983 | D:2      | Found a sparkling altar of Nemelex Xobeh.
   984 | D:2      | Found a glowing silver altar of Zin.
   984 | D:2      | Found a radiant altar of Vehumet.
   984 | D:2      | Found an ancient bone altar of Kikubaaqudgha.
   995 | D:2      | Found a shimmering altar of Xom.
  1134 | D:2      | Noticed Sigmund
  1414 | D:2      | Found a basalt altar of Yredelemnul.
  1499 | D:3      | Found a burning altar of Makhleb.
  1625 | D:3      | Reached XP level 4. HP: 39/39 MP: 3/3
  2691 | D:4      | Reached skill level 5 in Axes
  2691 | D:4      | Reached XP level 5. HP: 38/45 MP: 4/4
  2738 | D:4      | Noticed an ice beast
  2749 | D:4      | Killed an ice beast
  2749 | D:4      | Reached skill level 6 in Axes
  2758 | D:4      | Found Ysoe's Weapon Shop.
  2765 | D:4      | Bought a +0 war axe for 49 gold pieces
  3229 | D:5      | Entered Level 5 of the Dungeon
  3242 | D:5      | Reached XP level 6. HP: 47/51 MP: 5/5
  3271 | D:5      | Reached skill level 7 in Axes
  3412 | D:5      | Found a stormy altar of Qazlal.
  3431 | D:5      | Noticed bart's ghost (amateur HOCK)
  3465 | D:5      | Found a sand-covered staircase.
  3472 | Ossuary  | Entered an ossuary
  3629 | Ossuary  | Reached skill level 8 in Axes
  3641 | Ossuary  | Reached XP level 7. HP: 31/57 MP: 6/6
  3802 | Ossuary  | Reached skill level 9 in Axes
  4350 | D:5      | Reached skill level 10 in Axes
  4460 | D:5      | Killed bart's ghost
  4460 | D:5      | Reached XP level 8. HP: 56/64 MP: 7/7
  4542 | D:5      | Found a bloodstained altar of Trog.
  4559 | D:5      | Noticed a necrophage
  4575 | D:5      | Killed a necrophage
  4575 | D:5      | Reached skill level 11 in Axes
  5232 | D:6      | Reached skill level 12 in Axes
  5295 | D:6      | Noticed Duffy's ghost (novice NaEn)
  5327 | D:6      | Killed Duffy's ghost
  5327 | D:6      | Reached skill level 13 in Axes
  5327 | D:6      | Reached XP level 9. HP: 39/70 MP: 5/8
  6174 | D:7      | Found a staircase to the Ecumenical Temple.
  6214 | Temple   | Entered the Ecumenical Temple
  6312 | Temple   | Became a worshipper of Cheibriados the Contemplative
  6312 | Temple   | Reached * piety under Cheibriados
  6312 | Temple   | Reached ** piety under Cheibriados
  6341 | D:7      | Reached skill level 14 in Axes
  7271 | D:8      | Noticed comborobin's ghost (novice TeGl)
  7292 | D:8      | HP: 2/72 [comborobin's ghost (7)]
  7868 | D:8      | Reached skill level 5 in Dodging
  7872 | D:8      | Reached *** piety under Cheibriados
  7967 | D:8      | Noticed Ashar's ghost (novice DsWr)
  8120 | D:8      | HP: 1/73 [Ashar's ghost (14)]
  8590 | D:7      | Gained mutation: You tend to lose your temper in combat. [potion of mutation]
  8590 | D:7      | Gained mutation: You occasionally shout uncontrollably at your foes. [potion of mutation]
  8594 | D:7      | Lost mutation: You tend to lose your temper in combat. [potion of cure mutation]
  8594 | D:7      | Lost mutation: You occasionally shout uncontrollably at your foes. [potion of cure mutation]
  8928 | D:7      | Reached skill level 5 in Armour
  8990 | D:8      | Killed comborobin's ghost
  8990 | D:8      | Reached skill level 5 in Fighting
  8990 | D:8      | Reached XP level 10. HP: 19/81 MP: 9/9
  9454 | D:8      | Killed Ashar's ghost
  9865 | D:9      | Got a shimmering hand axe
  9866 | D:9      | Identified the cursed +2 hand axe "Oweawero" {pain, -Tele rC+++ Str+3 Dex+4} (You found it on level 9 of the Dungeon)
  9886 | D:9      | Learned a level 9 spell: Tornado
  9946 | D:9      | Reached **** piety under Cheibriados
 10294 | D:9      | Got a warped wooden ring
 10295 | D:9      | Identified the ring "Loeg" {Int+2 Stlth-} (You found it on level 9 of the Dungeon)
 10449 | D:10     | Entered Level 10 of the Dungeon
 10464 | D:10     | Found Xouh's Antique Weapon Emporium.
 10647 | D:10     | Reached skill level 15 in Axes
 10660 | D:10     | Reached ***** piety under Cheibriados
 10703 | D:10     | Noticed a hill giant
 10712 | D:10     | Killed a hill giant
 10734 | D:10     | Found a portal to a secret trove of treasure.
 10780 | D:10     | Reached XP level 11. HP: 70/92 MP: 10/10
 10843 | D:10     | Reached skill level 1 in Evocations
 11018 | D:10     | Found a staircase to the Lair.
 11019 | D:10     | Goblin1989: не факт что такой блейд найти получится для тровы
 11019 | D:10     | wvc: заточить всегда можно
 11074 | D:10     | Goblin1989: так там бренд какой-то мутный
 11088 | D:10     | wvc: там просто демон же
 11175 | D:10     | Goblin1989: аааа
 11589 | D:11     | Noticed Maud
 11603 | D:11     | Mangled by Maud

Vault maps used:
D:1:      shiori_shiawase
D:2:      minitemple, lemuel_statue_altar, uniq_sigmund
D:3:      marbit_many_paths, solitary_fountain
D:4:      first_bread, serial_shops, shop, kennysheep_boxes
D:5:      grunt_qazlal_clouds, enter_ossuary_4, trog_book
D:7:      minmay_temple_entry_mist
D:10:     lair_0_dummy, serial_ice, serial_ice_l, serial_ice_h, serial_ice_m,
          serial_ice_f, nicolae_trove_entry_crossroad, serial_shops,
          nicolae_shop_overgrown_old_shop, hangedman_fish_farm,
          amethyst_killhole
D:11:     orc_0_dummy, uniq_maud, uniq_urug
Temple:   circular_temple_12
Ossuary:  minmay_ossuary_two_tombs

Action                   |  1- 3 |  4- 6 |  7- 9 | 10-12 || total
-------------------------+-------+-------+-------+-------++-------
Melee: Unarmed           |   105 |       |       |       ||   105
       Hand axe          |    13 |   165 |   459 |       ||   637
       War axe           |       |       |   117 |   209 ||   326
Evoke: Wand              |       |       |       |     5 ||     5
  Use: Scroll            |     7 |     6 |     4 |     5 ||    22
       Potion            |       |     1 |     8 |     1 ||    10
 Stab: Sleeping          |     2 |       |       |       ||     2
       Distracted        |       |       |       |     2 ||     2
  Eat: Fruit             |     3 |       |       |       ||     3
       Chunk             |     1 |       |     4 |       ||     5
       Bread ration      |       |     2 |     1 |       ||     3
       Beef jerky        |       |     1 |       |       ||     1
       Meat ration       |       |       |     1 |     1 ||     2
